 Dungeon Crawl Stone Soup version 0.22.1-1-ga44c0e5 (webtiles) character file.

1556 kaesh the Shield-Bearer (level 9, 0/68 HPs)
             Began as a Formicid Fighter on Oct 25, 2018.
             Was an Initiate of Cheibriados.
             Slain by an orc priest
             ... wielding a +0 dagger
              (2 damage)
             ... on level 7 of the Dungeon.
             The game lasted 00:11:26 (6498 turns).

kaesh the Shield-Bearer (Formicid Fighter)          Turns: 6498, Time: 00:11:27

Health: 0/68       AC:  6    Str: 25      XL:     9   Next: 12%
Magic:  9/9        EV:  9    Int:  9      God:    Cheibriados [......]
Gold:   447        SH: 17    Dex:  7 (11) Spells: 8/8 levels left

rFire    . . .     SeeInvis +   a - +0 war axe
rCold    . . .     Gourm    +   k - +1 large shield
rNeg     . . .     Faith    .   h - +0 ring mail {rPois}
rPois    +         Spirit   .   (helmet unavailable)
rElec    .         Reflect  .   (no cloak)
rCorr    .         Harm     .   (no gloves)
MR       .....                  (no boots)
Stlth    ..........             q - amulet of the gourmand
HPRegen  0.21/turn              e - +4 ring of slaying
MPRegen  0.11/turn              s - ring of see invisible

@: flying (expiring), very slow
A: permanent stasis, dig shafts and tunnels, four strong arms, antennae 3
a: Dig, Shaft Self, Bend Time, Renounce Religion


You were on level 7 of the Dungeon.
You worshipped Cheibriados.
Cheibriados was noncommittal.
You were very full.

You visited 2 branches of the dungeon, and saw 8 of its levels.

You collected 447 gold pieces.

Inventory:

Hand Weapons
 a - a +0 war axe (weapon)
Armour
 b - a +0 scale mail
 c - a +0 shield
 h - a +0 ring mail of poison resistance (worn)
 k - a +1 large shield (worn)
Jewellery
 e - a +4 ring of slaying (left hand)
 l - an uncursed amulet of the acrobat
 m - an uncursed ring of stealth
 q - an amulet of the gourmand (around neck)
 s - a ring of see invisible (right hand)
Wands
 j - a wand of polymorph (15)
 p - a wand of acid (9)
 t - a wand of iceblast (11)
Scrolls
 f - a scroll of enchant armour
 g - 6 scrolls of identify
 i - 3 scrolls of remove curse
 n - a scroll of fog
Potions
 d - a potion of might
Comestibles
 o - 6 rations


   Skills:
 + Level 5.4 Fighting
 + Level 6.8 Axes
 + Level 5.9 Armour
 + Level 2.5 Dodging
 + Level 7.3 Shields


You had 8 spell levels left.
You didn't know any spells.
Your spell library contained the following spells:

 Spells                   Type           Power        Failure   Level  Hunger
 Animate Skeleton         Necr           N/A          97%         1    ##.....
 Apportation              Tloc           #.....       97%         1    ##.....
 Confusing Touch          Hex            #.....       97%         1    ##.....
 Flame Tongue             Conj/Fire      #....        97%         1    ##.....
 Summon Small Mammal      Summ           #...         97%         1    ##.....
 Throw Flame              Conj/Fire      #.....       99%         2    ###....
 Conjure Flame            Conj/Fire      #.......     100%        3    ####...
 Inner Flame              Hex/Fire       #.......     100%        3    ####...
 Sticky Flame             Conj/Fire      #.......     100%        4    #####..
 Fireball                 Conj/Fire      #.........   100%        5    ######.


Dungeon Overview and Level Annotations

Branches:
Dungeon (7/15)             Temple (1/1) D:7

Altars:
Ashenzari
Cheibriados
Dithmenos
Elyvilon
Gozag
Hepliaklqana
Kikubaaqudgha
Makhleb
Nemelex Xobeh
Okawaru
Qazlal
Ru
Trog
Uskayaw
Vehumet
Wu Jian
Yredelemnul


Innate Abilities, Weirdness & Mutations

You cannot be hasted, slowed, berserked, paralysed or teleported.
You can dig through walls and to a lower floor.
Your four strong arms can wield two-handed weapons with a shield.
You have a pair of large antennae on your head. (SInv)


Message History

The orc priest invokes the aid of Beogh against you.
Beogh smites you!
You hit the orc priest but do no damage.
You slash the orc!
You kill the orc!
Cheibriados appreciates the change of pace.
You closely miss the orc warrior. You block the orc warrior's attack.
You block the orc's attack. The orc priest hits you with a dagger.
You closely miss the orc priest. You hit the orc warrior.
You block the orc warrior's attack. The orc barely misses you.
The orc priest looks braver for a moment.
The orc wizard casts a spell.
The orc wizard blinks!
You closely miss the orc priest.
You hit the orc warrior but do no damage.
The orc hits you from afar with a trident.
The orc warrior hits you with a battleaxe!!
* * * LOW HITPOINT WARNING * * *
The orc priest hits you with a dagger.
You die...

######## #......#
############.####.#
#.....o@......<.#.#
.....o)o..........#
#.####.....#.##...#
##...##.##...# ##
##.###.##(..# .#
...........# .# ##
##.#######.## .# .#
#+# ##.###### .# .#
#.......#


You could see an orc warrior, an orc priest and an orc.

Vanquished Creatures
  A hungry ghost (D:5)
  Menkaure (D:6)
  A sky beast (D:7)
  An ice beast (D:5)
  2 centaurs
  Blork the orc (D:6)
  A bullfrog (D:6)
  A scorpion (D:7)
  2 howler monkeys
  2 quasits (D:7)
  3 orc priests
  4 orc wizards
  A hound (D:7)
  An iguana (D:7)
  Natasha (thrice) (D:4 D:5)
  2 worker ants (D:7)
  7 gnolls
  9 adders
  2 shadow imps
  An ooze (D:6)
  3 worms
  A dart slug (D:2)
  2 leopard geckos
  9 orcs
  4 bats
  4 giant cockroaches
  2 gnoll zombies (D:5)
  5 goblins
  7 hobgoblins (D:1)
  4 jackals (D:1)
  4 quokkas
  2 ball pythons
  A frilled lizard (D:2)
  4 kobolds
  6 rats
104 creatures vanquished.

Notes
Turn   | Place    | Note
-------+----------+-------------------------------------------
     0 | D:1      | kaesh the Formicid Fighter began the quest for the Orb.
     0 | D:1      | Reached XP level 1. HP: 18/18 MP: 1/1
    86 | D:1      | Reached XP level 2. HP: 24/24 MP: 2/2
   327 | D:1      | Reached XP level 3. HP: 30/30 MP: 3/3
   974 | D:2      | Reached skill level 4 in Shields
  1347 | D:2      | Reached XP level 4. HP: 27/37 MP: 4/4
  1924 | D:3      | Reached XP level 5. HP: 32/42 MP: 5/5
  1927 | D:3      | Reached skill level 1 in Dodging
  2013 | D:3      | Found a faded altar of an unknown god.
  2247 | D:3      | Reached XP level 6. HP: 35/48 MP: 6/6
  2791 | D:4      | Found the +3 giant club "Skullcrusher" {speed, Str+7}
  2906 | D:4      | Noticed Natasha
  2912 | D:4      | Killed Natasha
  4058 | D:5      | Entered Level 5 of the Dungeon
  4068 | D:5      | Noticed an ice beast
  4081 | D:5      | Killed an ice beast
  4081 | D:5      | Reached XP level 7. HP: 30/54 MP: 7/7
  4247 | D:5      | Noticed Natasha
  4256 | D:5      | Killed Natasha
  4369 | D:5      | Noticed a hungry ghost
  4385 | D:5      | Killed a hungry ghost
  4385 | D:5      | Reached skill level 5 in Armour
  4385 | D:5      | Reached skill level 5 in Shields
  4448 | D:5      | Reached skill level 5 in Axes
  4689 | D:5      | Found a basalt altar of Yredelemnul.
  4849 | D:5      | Noticed Natasha
  4863 | D:5      | Killed Natasha
  4863 | D:5      | Reached XP level 8. HP: 46/61 MP: 8/8
  5138 | D:6      | Noticed Blork the orc
  5145 | D:6      | Killed Blork the orc
  5145 | D:6      | Reached skill level 6 in Shields
  5300 | D:6      | Noticed Menkaure
  5314 | D:6      | Killed Menkaure
  5314 | D:6      | Reached skill level 5 in Fighting
  6090 | D:7      | Found a staircase to the Ecumenical Temple.
  6108 | Temple   | Entered the Ecumenical Temple
  6173 | Temple   | Became a worshipper of Cheibriados the Contemplative
  6253 | D:7      | Reached skill level 7 in Shields
  6253 | D:7      | Reached XP level 9. HP: 59/68 MP: 9/9
  6498 | D:7      | HP: 2/68 [orc warrior/battleaxe (19)]
  6498 | D:7      | Slain by an orc priest

Skill      XL: |  1  2  3  4  5  6  7  8 |
---------------+-------------------------+-----
Shields        | 4 5 7 |  7.3
Armour         | 4 5 |  5.9
Axes           | 3 4 5 6 |  6.8
Dodging        | 1 2 |  2.5
Fighting       | 4 5 |  5.4

Action                   |  1- 3 |  4- 6 |  7- 9 || total
-------------------------+-------+-------+-------++-------
Melee: War axe           |    84 |    97 |   200 ||   381
  Use: Scroll            |     5 |       |     1 ||     6
       Potion            |     3 |     3 |     3 ||     9
 Stab: Sleeping          |       |       |     1 ||     1
  Eat: Chunk             |     1 |     3 |    19 ||    23
       Ration            |       |     2 |       ||     2
Armor: Scale mail        |    15 |       |       ||    15
       Ring mail         |    11 |    20 |    69 ||   100
Dodge: Dodged            |    24 |    27 |    54 ||   105
Block: Shield            |    58 |    25 |       ||    83
       Large shield      |       |    28 |   210 ||   238
